 Dungeon Crawl Stone Soup version 0.31.0-1-g2c135a008e (webtiles) character file.

Game seed: 1020061048700282963

294 qw the Shooter (level 6, 0/47 HPs)
             Began as a Djinni Hunter on Jan 24, 2024.
             Was an Initiate of Okawaru.
             Slain by an orc
             ... wielding a +0 mace
              (5 damage)
             ... on level 3 of the Dungeon.
             The game lasted 00:00:06 (1675 turns).

qw the Shooter (Djinni Hunter)                      Turns: 1675, Time: 00:00:07

Health: 0/47       AC:  6    Str: 10    XL:     6   Next: 60%
Gold:   170        EV: 11    Int: 10    God:    Okawaru [......] SH:  0 Dex: 19

rFire   + + .        a - +4 shortbow
rCold   x . .        (shield currently unavailable)
rNeg    . . .        g - +0 ring mail
rPois   inf          (no helmet)
rElec   .            f - +0 cloak
rCorr   .            (no gloves)
SInv    .            (boots unavailable)
Will    .....        (no amulet)
Stlth   +            (no ring)
HPRegen 0.27/turn    (no ring)
MPRegen 0.00/turn

%: infuse magic (-1 HP)
@: flying
A: sickness immunity, fire resistance 2, cold vulnerability 1, float, innate
caster, HP casting, extra vitality 1
a: Renounce Religion


You were on level 3 of the Dungeon.
You worshipped Okawaru.
Okawaru was noncommittal.
You visited 2 branches of the dungeon, and saw 5 of its levels.

You collected 170 gold pieces.


Innate Abilities, Weirdness & Mutations

You are immune to sickness and miasma.
You are immune to poison.
Your flesh is very heat resistant. (rF++)
You are vulnerable to cold. (rC-)
You float through the air rather than walking.
You learn spells naturally, not from books.
Your magical power is your life essence.
You have superior vitality. (+4 MHP)


   Skills:
 + Level 3.6 Fighting
 - Level 5.1 Ranged Weapons
 - Level 1.0 Armour
 - Level 3.0 Dodging
 - Level 0.7 Stealth


You knew the following spells:

 Your Spells              Type           Power      Damage    Failure   Level
a - Sting                 Conj/Alch      0%         1d3       67%         1
b - Blink                 Tloc           0%         N/A       82%         2
Your spell library was empty.

Inventory:

Hand Weapons
 a - a +4 shortbow (weapon)
Armour
 f - a +0 cloak (worn)
 g - a +0 ring mail (worn)
Jewellery
 d - a ring of fire
Potions
 b - a potion of lignification {unknown}
 c - a potion of curing

Dungeon Overview and Level Annotations

Branches:
Dungeon (4/15)             Temple (1/1) D:4

Altars:
Ashenzari
Dithmenos
Elyvilon
Fedhas
Hepliaklqana
Makhleb
Nemelex Xobeh
Okawaru
Qazlal
Ru
Wu Jian
Zin

Shops:
D:1 [


Message History

The orc hits you with a +0 whip. The orc hits you with a +0 club.
The orc hits you with a +0 hand axe.
You shoot an arrow. The arrow hits the orc priest!
The orc priest is almost dead.
The orc hits you with a +0 mace. The orc priest misses you.
The orc barely misses you. x3
You shoot an arrow.
The arrow closely misses the orc priest.
The orc barely misses you. x2
The orc priest hits you with a +0 dagger.
The orc hits you with a +0 club. The orc hits you with a +0 whip.
The orc closely misses you.
The orc priest hits you but does no damage.
The orc hits you but does no damage. x2; The orc barely misses you.
You shoot an arrow. The arrow hits the orc priest.
You kill the orc priest!
Okawaru accepts your kill. The orc closely misses you.
The orc hits you but does no damage. The orc hits you with a +0 mace.
The orc barely misses you.
You shoot an arrow. The arrow closely misses the orc.
The orc barely misses you. The orc hits you but does no damage.
The orc hits you with a +0 club. The orc hits you with a +0 hand axe.
You shoot an arrow. The arrow barely misses the orc.
The orc hits you but does no damage. The orc barely misses you.
The orc hits you but does no damage. The orc hits you with a +0 hand axe.
The frilled lizard barely misses you.
You shoot an arrow. The arrow hits the orc.
The orc is heavily wounded.
The orc barely misses you. The orc hits you with a +0 whip.
The orc completely misses you.
The frilled lizard bites you but does no damage.
The orc hits you with a +0 club.
You shoot an arrow. The arrow barely misses the orc.
The orc hits you but does no damage. The frilled lizard closely misses you.
The orc closely misses you. The orc hits you with a +0 club.
The orc hits you but does no damage. The orc hits you with a +0 hand axe.
The orc hits you but does no damage. The orc hits you with a +0 whip.
The frilled lizard bites you but does no damage.
The orc hits you with a +0 mace.
You die...

##. .>. # ...
.. #. ..# #.##
#.## ##.##
##)..##
..#...##.. #
.##.....#
#......#.###
........#
#####......#.%
#....oo#......
#<...#
#...o@o.#
##....
#...l)...#
#....##.
#......#.....
###..##%
#.....## ###.
#..##.
#......#
...##.
...#.####
..... . .....
.##.#. ...##
.. .


You could see 4 orcs and a frilled lizard.

Vanquished Creatures
  A black bear (D:4)
  2 orc priests
  A hound (D:3)
  An orc wizard (D:3)
  3 adders
  2 dart slugs (D:2)
  5 orcs (D:4)
  2 bats (D:2)
  An endoplasm (D:2)
  A giant cockroach (D:4)
  4 hobgoblins
  7 jackals
  2 quokkas
  10 ball pythons
  A frilled lizard (D:2)
  5 goblins
  4 kobolds
  2 rats (D:2)
54 creatures vanquished.

Notes
Turn   | Place    | Note
-------+----------+-------------------------------------------
     0 | D:1      | qw the Djinni Hunter began the quest for the Orb.
     0 | D:1      | Reached XP level 1. HP: 18/18 MP: 0/0
     0 | D:1      | 0 ||| qw: Version: 0.3-a-136-gdd3b4e8
     0 | D:1      | 0 ||| qw: Game counter: 1423
     0 | D:1      | 0 ||| qw: Melee chars always use a shield: true
     0 | D:1      | 0 ||| qw: God list: Okawaru
     0 | D:1      | 0 ||| qw: Allow faded altars: false
     0 | D:1      | 0 ||| qw: Do Orc after clearing Dungeon:15 true
     0 | D:1      | 0 ||| qw: Do second Lair branch before Depths: true
     0 | D:1      | 0 ||| qw: Lair rune preference: random
     0 | D:1      | 0 ||| qw: Goals: Normal
     0 | D:1      | 0 ||| PLANNING D:1-11
   144 | D:1      | Found Tytuemnu's Armour Boutique.
   150 | D:1      | 150 ||| SHOPLISTING +0 pair of gloves (49 gold, have 43).
   150 | D:1      | 150 ||| SHOPLISTING +0 ring mail (44 gold, have 43).
   161 | D:1      | Reached XP level 2. HP: 23/23 MP: 0/0
   248 | D:1      | Found a faded altar of an unknown god.
   540 | D:1      | 540 ||| UPGRADING to +0 cloak.
   545 | D:1      | 545 ||| UPGRADING to +0 ring mail.
   555 | D:1      | 555 ||| DROPPING +0 leather armour.
   556 | D:1      | 556 ||| READING scroll labelled FARUTAD KAEK.
   556 | D:1      | 556 ||| IDENTIFYING 4 scrolls labelled KALOTZ PUSOGOODOICH
   557 | D:1      | 557 ||| READING 4 scrolls of enchant weapon.
   557 | D:1      | 557 ||| ENCHANTING +0 shortbow.
   558 | D:1      | 558 ||| READING 3 scrolls of enchant weapon.
   558 | D:1      | 558 ||| ENCHANTING +1 shortbow.
   559 | D:1      | 559 ||| READING 2 scrolls of enchant weapon.
   559 | D:1      | 559 ||| ENCHANTING +2 shortbow.
   560 | D:1      | 560 ||| READING scroll of enchant weapon.
   560 | D:1      | 560 ||| ENCHANTING +3 shortbow.
   561 | D:1      | 561 ||| DROPPING scroll of butterflies.
   619 | D:2      | Reached skill level 1 in Armour
   640 | D:2      | Reached XP level 3. HP: 28/28 MP: 0/0
   640 | D:2      | Learned a level 1 spell: Sting
   921 | D:2      | Found a white marble altar of Elyvilon.
   923 | D:2      | Reached skill level 4 in Ranged Weapons
  1077 | D:2      | Reached XP level 4. HP: 27/34 MP: 0/0
  1406 | D:2      | 1406 ||| READING scroll labelled RESTRA DIUPAW.
  1423 | D:3      | Reached skill level 3 in Fighting
  1439 | D:3      | You are sucked into a shaft and drop 1 floor!
  1446 | D:4      | Reached XP level 5. HP: 40/40 MP: 0/0
  1446 | D:4      | Learned a level 2 spell: Blink
  1496 | D:4      | Noticed a black bear
  1501 | D:4      | Killed a black bear
  1502 | D:4      | Reached skill level 5 in Ranged Weapons
  1502 | D:4      | Reached XP level 6. HP: 41/46 MP: 0/0
  1565 | D:4      | Found a staircase to the Ecumenical Temple.
  1566 | D:4      | 1566 ||| PLANNING TEMPLE
  1566 | D:4      | 1566 ||| READING scroll of identify.
  1566 | D:4      | 1566 ||| IDENTIFYING fuming pink potion
  1575 | Temple   | Entered the Ecumenical Temple
  1576 | Temple   | 1576 ||| PLANNING OKAWARU WORSHIP
  1588 | Temple   | Became a worshipper of Warmaster Okawaru
  1589 | Temple   | 1589 ||| PLANNING D:1-11
  1636 | D:4      | Reached skill level 3 in Dodging
  1675 | D:3      | HP: 9/47 [orc/+0 hand axe (3)]
  1675 | D:3      | Slain by an orc

Levels and vault maps discovered:
D:1:      pf_arrival_petrified_forest, layout_rooms, basic_ecumenical_altar,
          serial_shops, nicolae_shop_scrapyard, amcnicky_mini_pool_small,
          dk_noncrumbling_2
D:2:      layout_loops_corners, basic_altar
D:3:      lemuel_castle_with_subvaults [lemuel_castle_interior_carwin_3],
          layout_rooms, serial_bayou_pond_a
D:4:      layout_cave_pods, minmay_temple_entry_waves
Temple:   cyrus_circular_temple

Skill      XL: |  1  2  3  4  5  6 |
---------------+-------------------+-----
Armour         | 1 |  1.0
Ranged Weapons | 4 5 |  5.1
Fighting       | 3 |  3.6
Dodging        | 3 |  3.0
Stealth        | |  0.7

Action                     |  1- 3 |  4- 6 || total
---------------------------+-------+-------++-------
   Fire: Shortbow          |    73 |    57 ||   130
    Use: Scroll            |     5 |     2 ||     7
 Armour: Leather armour    |     3 |       ||     3
         Ring mail         |    19 |    50 ||    69
  Dodge: Dodged            |    22 |    37 ||    59

Table legend:
 A = Non-vault XP
 B = Vault XP
 C = Vault XP percentage of total XP
 D = Non-vault monster count
 E = Vault monster count
 F = Vault count percentage of total count
                 A         B        C        D         E       F
            +---------+---------+-------+---------+---------+-------
      Total |     420 |       0 |   0.0 |      54 |       0 |   0.0
            +---------+---------+-------+---------+---------+-------
        D:1 |      18 |       0 |   0.0 |      12 |       0 |   0.0
        D:2 |      56 |       0 |   0.0 |      23 |       0 |   0.0
        D:3 |     133 |       0 |   0.0 |       6 |       0 |   0.0
        D:4 |     213 |       0 |   0.0 |      13 |       0 |   0.0
            +---------+---------+-------+---------+---------+-------
